 Dungeon Sprint DCSS version 0.21.1-1-g345015f (webtiles) character file.

13025 wilfster70 the Imperceptible (level 11, -19/92 HPs)
             Began as a Vampire Enchanter on Apr 4, 2018.
             Was the Champion of Wu Jian.
             Demolished by a fire giant
             ... wielding a +1 great sword of flaming
              (27 damage)
             ... in the Dungeon (Sprint I: "Red Sonja") on Apr 5, 2018.
             The game lasted 00:12:03 (2647 turns).

wilfster70 the Imperceptible (Vampire Enchanter)    Turns: 2647, Time: 00:12:04

Health: -19/92     AC:  9    Str:  7    XL:     11   Next: 70%
Magic:  16/25      EV: 13    Int: 23    God:    Wu Jian [******]
Gold:   471        SH:  7    Dex: 15    Spells: 18/30 levels left

rFire    . . .     SeeInvis +   a - +1 dagger
rCold    + . .     Gourm    .   n - +2 buckler
rNeg     + + +     Faith    .   b - +0 robe
rPois    +         Spirit   .   (no helmet)
rElec    .         Reflect  .   (no cloak)
rCorr    .         Harm     .   i - +4 pair of gloves "Febuekh" {rN+ Int+2}
MR       +....     NoTele   +   k - +1 pair of boots
Stlth    +++++++++.             (no amulet)
HPRegen  0.12/turn              (no ring)
MPRegen  0.19/turn              (no ring)

@: regenerating slowly, serpent's lash
A: fangs 3, see invisible, unbreathing
a: Bat Form, Wall Jump, Serpent's Lash, Heavenly Storm, Renounce Religion


You were in the Dungeon.
You worshipped Wu Jian.
Wu Jian was exalted by your worship.
You were thirsty.

You visited 1 branch You collected 1551 gold pieces.
You spent 1080 gold pieces at shops.

Inventory:

Hand Weapons
 a - a +1 dagger (weapon)
 v - a +0 spear of pain
Armour
 b - a +0 robe (worn)
 i - the +4 pair of gloves "Febuekh" (worn) {rN+ Int+2}
   (You found it in the Dungeon)

   It affects your intelligence (+2).
   It protects you from negative energy.
 k - a +1 pair of boots (worn)
 n - a +2 buckler (worn)
Jewellery
 r - an uncursed ring of flight {unknown}
Wands
 l - a wand of disintegration (20)
 q - a wand of acid (6)
 s - a wand of digging (12)
Scrolls
 j - a scroll of blinking
 m - a scroll of magic mapping {unknown}
 p - 2 scrolls of identify {unknown}
 t - a scroll of remove curse {unknown}
Potions
 d - 7 potions of blood
 e - 3 potions of curing
 f - a potion of heal wounds
 g - 2 potions of haste
 h - 2 potions of magic
 o - a potion of flight {unknown}
Books
 c - a book of Maledictions

   Spells                             Type                      Level
   a - Corona                         Hexes                        1
   b - Ensorcelled Hibernation        Hexes/Ice                    2
   c - Confuse                        Hexes                        3
   d - Tukima's Dance                 Hexes                        3
   e - Dazzling Spray                 Conjuration/Hexes            3
 u - a book of Burglary

   Spells                             Type                      Level
   a - Swiftness                      Charms/Air                   2
   b - Passwall                       Transmutation/Earth          2
   c - Passage of Golubria            Translocation                4
   d - Lee's Rapid Deconstruction     Earth                        5
   e - Darkness                       Hexes                        6
   f - Invisibility                   Hexes                        6


   Skills:
 - Level 10.4 Fighting
 - Level 10.3 Short Blades
 - Level 2.1 Dodging
 * Level 26.6 Stealth
 - Level 4.3 Shields
 + Level 10.3 Spellcasting
 + Level 11.3 Hexes
 - Level 9.5 Ice Magic


You had 18 spell levels left.
You knew the following spells:

 Your Spells              Type           Power        Failure   Level  Hunger
a - Corona                Hex            ######.      1%          1    None
b - Ensorcelled Hibernat  Hex/Ice        ######       1%          2    None
c - Confuse               Hex            ######..     1%          3    None
d - Invisibility          Hex            ######..     8%          6    ######.


Dungeon Overview and Level Annotations

Branches:
Dungeon (1/1)

Altars:
Cheibriados
Dithmenos
Elyvilon
Fedhas
Gozag
Hepliaklqana
Kikubaaqudgha
Makhleb
Nemelex Xobeh
Okawaru
Qazlal
Ru
Sif Muna
Trog
Uskayaw
Vehumet
Wu Jian
Xom
Yredelemnul
Zin
The Shining One
Jiyva
Lugonu

Shops:
D ![!*(}*(?=*%[:%[=


Innate Abilities, Weirdness & Mutations

You heal slowly.
You have razor-sharp teeth.
You have supernaturally acute eyesight. (SInv)
You can survive without breathing.


Message History

Aim: a fire giant, wielding a great sword of flaming (purple smoke, chance to defeat MR: 26%)
The fire giant easily resists.
You block the fire giant's attack.
Casting: Confuse
Confirm with . or Enter, or press ? or * to list all spells.
Aiming: Confuse
Press: ? - help, Shift-Dir - straight line, f/p - fire giant
Aim: a fire giant, wielding a great sword of flaming (purple smoke, chance to defeat MR: 26%)
The fire giant easily resists.
The fire giant hits you with a great sword of flaming!!
* * * LOW HITPOINT WARNING * * *
The fire giant burns you.
* * * LOW HITPOINT WARNING * * *
Casting: Confuse
Confirm with . or Enter, or press ? or * to list all spells.
Aiming: Confuse
Press: ? - help, Shift-Dir - straight line, f/p - fire giant
Aim: a fire giant, wielding a great sword of flaming (purple smoke, chance to defeat MR: 26%)
The fire giant easily resists.
The fire giant hits you with a great sword of flaming!!
You die...

#################################
..#__#..'[..#[(#§§.§§§.§...§..#^^
..'^.'..#[..##§#C####.§§§§##..'^^
#'#__####...'..#@# ##.§§#######+
#.####§.#####..'.# ###+# (?##
#(#§§§§)#..##+#### #§##$$$#
_.'≈≈≈§.'..# #..###C#
._#≈§§§)#§§# ##C#A#$#
#'##'#####'### #..###$#
#.#([..###.'.# #.##..$#
####'###(###.# #..#'###
.'.....'.∩##.# ##...#


You could see a fire giant.

Vanquished Creatures
  A hydra (D)
  2 centaur warriors (D)
  Sonja (D)
  7 unseen horrors (D)
  A lindwurm (D)
  A deep troll (D)
  An oklob plant (D)
  2 kobold demonologists (D)
  4 demonic crawlers (D)
  A hornet (D)
  A slime creature (D)
  2 redbacks (D)
  Sigmund (D)
  A yak (D)
  13 hogs (D)
  3 floating eyes (D)
  7 necrophages (D)
  An ogre (D)
  8 jellies (D)
  Ijyb (D)
  A ballistomycete spore (D)
60 creatures vanquished.

Vanquished Creatures (others)
  A gargoyle (D)
  A ballistomycete spore (D)
2 creatures vanquished.

Grand Total: 62 creatures vanquished

Notes
Turn   | Place    | Note
-------+----------+-------------------------------------------
     0 | D        | wilfster70 the Vampire Enchanter began the quest for the Orb.
     0 | D        | Reached XP level 1. HP: 13/13 MP: 3/3
     1 | D        | Noticed Ijyb
    19 | D        | Killed Ijyb
    19 | D        | Reached skill level 7 in Stealth
    19 | D        | Reached XP level 2. HP: 19/19 MP: 4/6
    35 | D        | Killed a gargoyle
    38 | D        | Learned a level 2 spell: Ensorcelled Hibernation
    85 | D        | Noticed an ogre
    88 | D        | Killed an ogre
    88 | D        | Reached skill level 10 in Stealth
    88 | D        | Reached XP level 3. HP: 24/24 MP: 6/8
    88 | D        | Reached XP level 4. HP: 30/30 MP: 7/10
    93 | D        | Learned a level 3 spell: Confuse
   101 | D        | Noticed Sigmund
   104 | D        | Killed Sigmund
   104 | D        | Reached skill level 12 in Stealth
   104 | D        | Reached skill level 5 in Spellcasting
   104 | D        | Reached XP level 5. HP: 35/35 MP: 10/13
   138 | D        | Found a deep blue altar of Sif Muna.
   139 | D        | Found an ornate altar of the Wu Jian Council.
   140 | D        | Found a radiant altar of Vehumet.
   144 | D        | Reached skill level 13 in Stealth
   144 | D        | Reached XP level 6. HP: 41/41 MP: 14/14
   146 | D        | Became a worshipper of the Wu Jian Council
   149 | D        | Got a pair of ichor-stained gloves
   155 | D        | Identified the +4 pair of gloves "Febuekh" {rN+ Int+2} (You found it in the Dungeon)
   159 | D        | Found Kyatuenn's Armour Emporium.
   159 | D        | Found an ancient bone altar of Kikubaaqudgha.
   159 | D        | Found a hazy altar of Hepliaklqana.
   159 | D        | Found a stormy altar of Qazlal.
   159 | D        | Found a hide-covered altar of Uskayaw.
   159 | D        | Found a blossoming altar of Fedhas.
   159 | D        | Found a bloodstained altar of Trog.
   159 | D        | Found an iron altar of Okawaru.
   159 | D        | Found a basalt altar of Yredelemnul.
   159 | D        | Found a glowing golden altar of the Shining One.
   159 | D        | Found a snail-covered altar of Cheibriados.
   159 | D        | Found a sacrificial altar of Ru.
   159 | D        | Found a glowing silver altar of Zin.
   159 | D        | Found a shadowy altar of Dithmenos.
   159 | D        | Found a white marble altar of Elyvilon.
   159 | D        | Noticed a yak
   162 | D        | Killed a yak
   162 | D        | Reached skill level 14 in Stealth
   162 | D        | Reached skill level 5 in Ice Magic
   164 | D        | Found an opulent altar of Gozag.
   179 | D        | Found a sparkling altar of Nemelex Xobeh.
   183 | D        | Bought a +1 pair of boots for 149 gold pieces
   193 | D        | Noticed Sonja
   196 | D        | Killed Sonja
   196 | D        | Reached skill level 16 in Stealth
   196 | D        | Reached XP level 7. HP: 55/55 MP: 16/18
   213 | D        | Found Ykenuk's Distillery.
   276 | D        | Noticed a deep troll
   279 | D        | Killed a deep troll
   279 | D        | Reached * piety under Wu Jian
   279 | D        | Reached skill level 5 in Fighting
   279 | D        | Reached skill level 17 in Stealth
   279 | D        | Reached XP level 8. HP: 64/64 MP: 20/20
   289 | D        | Found Hiahilos's Armour Emporium.
   294 | D        | Bought a +2 buckler for 181 gold pieces
   307 | D        | Noticed a centaur warrior
   307 | D        | Noticed a centaur warrior
   310 | D        | Killed a centaur warrior
   310 | D        | Reached skill level 19 in Stealth
   310 | D        | Reached XP level 9. HP: 36/69 MP: 18/21
   313 | D        | Killed a centaur warrior
   497 | D        | Reached ** piety under Wu Jian
   497 | D        | Reached skill level 20 in Stealth
   509 | D        | Noticed an oklob plant
   510 | D        | Killed an oklob plant
   537 | D        | Reached *** piety under Wu Jian
   537 | D        | Reached skill level 21 in Stealth
   542 | D        | Noticed an unseen horror
   543 | D        | Noticed an unseen horror
   546 | D        | Killed an unseen horror
   546 | D        | Reached skill level 5 in Short Blades
   546 | D        | Reached XP level 10. HP: 67/79 MP: 20/23
   550 | D        | Killed an unseen horror
   550 | D        | Reached skill level 22 in Stealth
   603 | D        | Reached **** piety under Wu Jian
   611 | D        | Reached ***** piety under Wu Jian
   644 | D        | Found Keojeirgh's General Store.
   644 | D        | Found Xigiol's Distillery.
   644 | D        | Found Loohecow's Weapon Boutique.
   646 | D        | Found Hophytetz's Gadget Emporium.
   646 | D        | Found Bodghyen's Assorted Antiques.
   646 | D        | Found Utamaoj's Weapon Shoppe.
   646 | D        | Found Caont's Magic Scroll Boutique.
   646 | D        | Found Akiwywk's Jewellery Emporium.
   646 | D        | Found Zeuskyre's Assorted Antiques.
   646 | D        | Found Isip's Food Shoppe.
   650 | D        | Found Emesh's Antique Armour Boutique.
   651 | D        | Found Rutiri's Food Emporium.
   651 | D        | Found Mompirag's Book Boutique.
   652 | D        | Found Liamefun's Jewellery Emporium.
   764 | D        | Bought a book of Burglary for 750 gold pieces
   771 | D        | Learned a level 6 spell: Invisibility
   944 | D        | Found a viscous altar of Jiyva.
   944 | D        | Found a corrupted altar of Lugonu.
   945 | D        | Found a burning altar of Makhleb.
   945 | D        | Found a shimmering altar of Xom.
   965 | D        | Reached ****** piety under Wu Jian
   965 | D        | Reached skill level 23 in Stealth
  1058 | D        | Noticed a lindwurm
  1059 | D        | Killed a lindwurm
  1059 | D        | Reached skill level 24 in Stealth
  1059 | D        | Reached XP level 11. HP: 89/89 MP: 24/24
  1121 | D        | Reached skill level 10 in Fighting
  1121 | D        | Reached skill level 25 in Stealth
  1349 | D        | Noticed a 12-headed hydra
  1350 | D        | Killed a 12-headed hydra
  1350 | D        | Reached skill level 10 in Short Blades
  1364 | D        | Noticed a daeva
  1367 | D        | Noticed an unseen horror
  1367 | D        | Noticed an unseen horror
  1367 | D        | Noticed an unseen horror
  1368 | D        | Noticed an unseen horror
  1377 | D        | Killed an unseen horror
  1379 | D        | Killed an unseen horror
  1379 | D        | Reached skill level 26 in Stealth
  1379 | D        | Reached skill level 10 in Hexes
  1382 | D        | Killed an unseen horror
  1382 | D        | Reached skill level 10 in Spellcasting
  2369 | D        | Noticed an unseen horror
  2371 | D        | Killed an unseen horror
  2372 | D        | Killed an unseen horror
  2376 | D        | Noticed a fire giant
  2379 | D        | Noticed a fire giant
  2380 | D        | Noticed a fire giant
  2429 | D        | Noticed a fire giant
  2647 | D        | Demolished by a fire giant

Skill      XL: |  1  2  3  4  5  6  7  8  9 10 11 |
---------------+----------------------------------+-----
Stealth        | 7 10 12 13 16 17 19 21 24 26 | 26.6
Spellcasting   | 3 4 5 7 8 9 10 | 10.3
Hexes          | 6 7 9 11 | 11.3
Ice Magic      | 2 4 7 8 9 |  9.5
Fighting       | 4 5 7 9 10 | 10.4
Shields        | 3 4 |  4.3
Short Blades   | 5 8 10 | 10.3
Dodging        | |  2.1

Action                   |  1- 3 |  4- 6 |  7- 9 | 10-12 || total
-------------------------+-------+-------+-------+-------++-------
Melee: Dagger            |    17 |     5 |    10 |   118 ||   150
       Bite              |     1 |       |       |    10 ||    11
 Cast: Ensorcelled Hiber |       |     1 |     4 |    29 ||    34
       Confuse           |       |       |       |     8 ||     8
Invok: Lunge             |       |     1 |     6 |    17 ||    24
       Whirlwind         |       |       |     1 |     2 ||     3
       Serpent's Lash    |       |       |       |     1 ||     1
       Wall Jump         |       |       |       |     1 ||     1
  Use: Potion            |     1 |       |       |     3 ||     4
 Stab: Sleeping          |     1 |     4 |     9 |    41 ||    55
       Confused          |       |       |       |     2 ||     2
Armor: Robe              |       |       |     1 |    16 ||    17
Dodge: Dodged            |     7 |       |     5 |    32 ||    44
Block: Buckler           |       |       |       |    18 ||    18
